 Dungeon Crawl Stone Soup version 0.14.1 (webtiles) character file.

1158 Kae the Chiller (level 7, -2/36 HPs)
             Began as a Deep Elf Ice Elementalist on Apr 30, 2014.
             Slain by a giant frog skeleton (4 damage)
             ... on Level 5 of the Dungeon.
             The game lasted 00:10:29 (5263 turns).

Kae the Chiller (Deep Elf Ice Elementalist)         Turns: 5263, Time: 00:10:29

HP  -2/36        AC  4     Str  7      XL: 7   Next: 97%
MP  21/23        EV 13     Int 20      God:
Gold 174         SH  0     Dex 14 (15) Spells:  4 memorised,  6 levels left

rFire  . . .     SeeInvis .     w - +0,+1 flail (drain)
rCold  . . .     Clarity  .     a - +0 robe
rNeg   . . .     Conserve .     (no shield)
rPois  .         rCorr    .     (no helmet)
rElec  .         rRot     .     r - +1 cloak
SustAb . .       Spirit   .     (no gloves)
rMut   .         Warding  .     (no boots)
Saprov . . .     Stasis   .     (no amulet)
MR     .....                    n - ring of teleport control
                                g - ring of wizardry

@: not resistant to hostile enchantments, fairly stealthy
A: no striking features
a: Evoke Teleport Control


You were on level 5 of the Dungeon.
You were not hungry.

You visited 1 branch of the dungeon, and saw 5 of its levels.

You collected 174 gold pieces.

Inventory:

Hand weapons
 f - a +0,+0 dagger
 w - a +0,+1 flail of draining (weapon)
 B - a +1,+1 trident
Armour
 a - a +0 robe (worn)
 r - a +1 cloak (worn)
Magical devices
 v - a wand of slowing (23)
 z - a wand of frost (2)
Comestibles
 c - 2 bread rations
 d - a rambutan
 o - 2 meat rations
 C - 2 apples
 E - 16 strawberries
 G - a choko
Scrolls
 k - 2 scrolls of recharging
 p - 5 scrolls of remove curse
 q - 2 scrolls of amnesia
 s - a scroll of fear
 u - a scroll of silence {unknown}
 x - 3 scrolls of blinking
 y - a scroll of enchant armour
 F - a scroll of magic mapping
Jewellery
 g - a ring of wizardry (left hand)
 n - a ring of teleport control (right hand)
 D - an uncursed ring of fire {unknown}
Potions
 e - 5 potions of curing
 h - a potion of lignification
 i - a potion of agility
 j - a potion of haste {unknown}
 l - 2 potions of resistance
 m - 2 potions of beneficial mutation
 t - a potion of invisibility
 A - a potion of brilliance
Books
 b - a book of Frost

   Spells                             Type                      Level
   *Freeze                            Ice                          1
   *Throw Frost                       Conjuration/Ice              2
   Ozocubu's Armour                   Charms/Ice                   3
   *Throw Icicle                      Conjuration/Ice              4
   *Summon Ice Beast                  Ice/Summoning                4
   Condensation Shield                Ice                          4


   Skills:
 - Level 2.4 Dodging
 - Level 2.4 Stealth
 + Level 5.8 Spellcasting
 * Level 6.1 Conjurations
 * Level 7.5 Ice Magic


You had 6 spell levels left.
You knew the following spells:

 Your Spells              Type           Power        Failure   Level  Hunger
a - Freeze                Ice            ####         1%          1    None
b - Throw Frost           Conj/Ice       ####..       1%          2    None
c - Throw Icicle          Conj/Ice       ####....     4%          4    ####...
d - Summon Ice Beast      Ice/Summ       ###.....     10%         4    ####...


Dungeon Overview and Level Annotations

Branches:
Dungeon (5/15)
 Temple: D:4-7

Altars:
Trog

Shops:
D:5 =

Annotations:
D:4 timbw's ghost, average VSFi


Message History

You barely miss the giant frog skeleton.
The giant frog skeleton closely misses you.
The giant frog skeleton hits you.
You hit the giant frog skeleton.
The giant frog skeleton barely misses you. x2
You barely miss the giant frog skeleton.
The giant frog skeleton closely misses you. x2
You hit the giant frog skeleton. The giant frog skeleton hits you.
* * * LOW HITPOINT WARNING * * *
You hit the giant frog skeleton. The giant frog skeleton misses you.
The giant frog skeleton closely misses you.
You sock the giant frog skeleton!
The giant frog skeleton hits you but does no damage.
The giant frog skeleton hits you.
* * * LOW HITPOINT WARNING * * *
You hit the giant frog skeleton. The giant frog skeleton hits you.
* * * LOW HITPOINT WARNING * * *
The giant frog skeleton misses you.
You hit the giant frog skeleton. The giant frog skeleton hits you.
You die...

#.# #....#
#.## #.#
#....# ###
#)######
#....# #.
#.((...##
#....# #..♣
##.......#
#....##..♣ ♣
....._...#
#...##..♣...
###......#
##)##..♣.♣.♣
.........#
#.##)♣...♣..
.........#
#..@z.♣.♣.♣
........##
##('.).♣...♣
........#
#.'..♣.♣.♣
........#
###.♣...♣.
........#
..♣.♣.♣
#########
#..♣.. #..♣
#.


You could see a giant frog skeleton.

Vanquished Creatures
  A sky beast (D:5)
  An orc warrior (D:5)
  2 ogres
  2 centaurs (D:5)
  A scorpion (D:5)
  A hound (D:5)
  A jelly (D:5)
  A giant frog skeleton (D:5)
  An iguana (D:4)
  A quasit (D:5)
  An orc wizard (D:5)
  3 worker ants
  An ogre zombie (D:5)
  Jessica (D:3)
  Terence (D:3)
  6 adders
  2 worms
  2 adder skeletons (D:4)
  An ooze (D:2)
  11 orcs
  2 ball pythons (D:4)
  4 bats
  A bat skeleton (D:5)
  6 giant cockroaches
  10 goblins
  7 hobgoblins
  A jackal (D:4)
  6 kobolds
  3 quokkas
  6 giant geckos
  2 giant newts
  A goblin skeleton (D:3)
  2 rats
92 creatures vanquished.

Notes
Turn   | Place    | Note
--------------------------------------------------------------
     0 | D:1      | Kae, the Deep Elf Ice Elementalist, began the quest for the Orb.
     0 | D:1      | Reached XP level 1. HP: 10/10 MP: 5/5
   396 | D:1      | Reached XP level 2. HP: 12/15 MP: 3/8
   443 | D:1      | Learned a level 2 spell: Throw Frost
   813 | D:2      | Reached skill level 4 in Ice Magic
   907 | D:2      | Reached XP level 3. HP: 19/19 MP: 11/11
  1335 | D:2      | Reached XP level 4. HP: 24/24 MP: 14/14
  1429 | D:3      | Noticed Jessica
  1433 | D:3      | Killed Jessica
  1741 | D:3      | Reached skill level 5 in Ice Magic
  1815 | D:3      | Noticed an ogre
  1820 | D:3      | Killed an ogre
  1820 | D:3      | Reached XP level 5. HP: 25/28 MP: 3/17
  1891 | D:3      | Noticed Terence
  1913 | D:3      | Killed Terence
  2685 | D:4      | Noticed timbw's ghost (average VSFi)
  2971 | D:4      | Reached XP level 6. HP: 32/32 MP: 14/20
  3601 | D:5      | Entered Level 5 of the Dungeon
  3838 | D:5      | Found Hugrisop's Jewellery Shop.
  3860 | D:5      | Reached skill level 6 in Ice Magic
  4098 | D:5      | Reached skill level 5 in Spellcasting
  4113 | D:5      | Reached XP level 7. HP: 16/36 MP: 22/22
  4380 | D:5      | Learned a level 4 spell: Throw Icicle
  4385 | D:5      | Learned a level 4 spell: Summon Ice Beast
  4422 | D:5      | Reached skill level 5 in Conjurations
  4468 | D:5      | Found a bloodstained altar of Trog.
  5069 | D:5      | Reached skill level 7 in Ice Magic
  5263 | D:5      | Slain by a giant frog skeleton

Action                   |  1- 3 |  4- 6 |  7- 9 || total
-------------------------+-------+-------+-------++-------
Melee: Unarmed           |     2 |       |       ||     2
       Dagger            |    12 |    11 |       ||    23
       Flail             |       |    50 |    12 ||    62
 Cast: Freeze            |    39 |    47 |    29 ||   115
       Throw Frost       |     3 |    37 |    15 ||    55
Evoke: Wand              |       |     1 |     1 ||     2
  Use: Scroll            |     4 |    13 |       ||    17
       Potion            |       |     2 |       ||     2
 Stab: Sleeping          |     3 |     2 |       ||     5
